Unix NetHack Version 3.7.0-88 Work-in-progress - last build Aug 1 2023 00:06:55 (6c2538ef3b57905bfe3a9f43e533da77bea2ed47,branch:master). Game began 2023-08-01 07:44:06, ended 2023-08-01 18:15:30. spontiff, neutral male gnomish Healer #--------------------------------- #|...............................| ------ #|...------......--------------- |....| #####|...|....|......-@(( |....-######### #|..%|....|...@..| (((| |....| #|...-.(..|....'.| | --|--- #|...|---------ed--------+------ ### #|...|%%%|....|@...{.............| #|...|%]%|._..|.......----- ---- | #|...|%%%|....|.......| ------- #|...|...| ...|{ .....| |.....-######|...-|-----|--.......- ------ - | |.....| #...........)......@.............| |....<.######|......--|--|-..........-- ---- | |.....| #|......|..|..|..........| |.....| #|......|.)|..|........@.| |.....-######------------------------- ------- Spontiff the Rhizotomist St:9 Dx:12 Co:15 In:9 Wi:15 Ch:16 Neutral S:250 Dlvl:6 $:452 HP:0(27) Pw:6(6) AC:4 Xp:1/0 T:2755 Burdened Latest messages: What do you want to use or apply? [ak-mor-uwxzBKPSTX or ?*] s In what direction? k Status of puncake's ghost (chaotic, medium): Level 7 HP 50(50) AC -5, asleep. What do you want to adjust? [abdeg-oq-zA-EG-KMP-TVX or ?*] T Adjust letter to what [cfpFLNOTUWYZ] (? see used letters)? Z Moving: Z - a bag of tricks. What do you want to use or apply? [ak-mor-uwxzBKPSXZ or ?*] s In what direction? k Status of puncake's ghost (chaotic, medium): Level 7 HP 50(50) AC -5, asleep. What do you want to use or apply? [ak-mor-uwxzBKPSXZ or ?*] o You produce a strange whistling sound. Your large dog shifts location. The large dog bites the watchman. The watchman thrusts her spear at the large dog. The watchman misses the large dog. You swap places with your large dog. The large dog bites it. It touches the large dog. The large dog misses it. The large dog misses it. You hear some noises in the distance. What do you want to use or apply? [ak-mor-uwxzBKPSXZ or ?*] o You produce a strange whistling sound. Your large dog appears. The large dog misses the watchman. The large dog bites the watchman. The large dog misses the gold golem. The large dog bites the gold golem. The gold golem misses the large dog. The gold golem misses the large dog. The large dog bites the gold golem. The large dog bites the gold golem. The gold golem misses the large dog. The gold golem misses the large dog. The large dog bites the gold golem. The gold golem hits the large dog. The gold golem misses the large dog. What do you want to use or apply? [ak-mor-uwxzBKPSXZ or ?*] u In what direction? h The floating eye is blinded by the flash! The floating eye turns to flee. The gold golem hits! The gold golem hits again! You hear an animal carcass being offered in sacrifice. The large dog misses the gold golem. The gold golem hits! The gold golem hits again! You die... Do you want your possessions identified? [ynq] (y) y Do you want to see the dungeon overview? [ynq] (y) q Inventory: Coins $ - 452 gold pieces Weapons Q - an uncursed +0 scalpel (alternate weapon; not wielded) Armor h - an uncursed +0 orcish helm (being worn) g - an uncursed +1 pair of leather gloves (being worn) v - a blessed +0 pair of iron shoes (being worn) q - an uncursed +0 cloak of magic resistance (being worn) Comestibles y - an uncursed apple i - an uncursed lizard corpse Scrolls J - an uncursed scroll of enchant weapon I - an uncursed scroll of remove curse G - 2 uncursed scrolls of teleportation Spellbooks B - a blessed spellbook of extra healing K - an uncursed spellbook of magic mapping m - an uncursed spellbook of magic missile a - a blessed spellbook of stone to flesh Potions M - an uncursed potion of booze C - 3 uncursed potions of extra healing H - a blessed potion of fruit juice R - 2 uncursed potions of fruit juice d - 4 uncursed potions of water named UNC Wands w - an uncursed wand of light (0:12) r - an uncursed wand of light (0:11) S - an uncursed wand of sleep (0:4) Tools Z - an uncursed bag of tricks (0:20) x - an uncursed brass lantern u - an uncursed expensive camera (0:75) P - an uncursed figurine of a gray unicorn z - an uncursed leash o - an uncursed magic whistle X - a blessed oil lamp k - an uncursed skeleton key s - an uncursed stethoscope t - an uncursed towel Gems/Stones E - an uncursed black opal A - an uncursed worthless piece of blue glass n - an uncursed worthless piece of orange glass V - a cursed worthless piece of orange glass j - an uncursed worthless piece of red glass e - an uncursed worthless piece of white glass D - an uncursed worthless piece of yellow glass b - an uncursed worthless piece of yellowish brown glass l - an uncursed flint stone Spontiff the Healer's attributes: Background: You were a Rhizotomist, a level 1 male gnomish Healer. You were neutral, on a mission for Hermes who was opposed by Athena (lawful) and Poseidon (chaotic). You were in the Gnomish Mines, on level 6. You entered the dungeon 2755 turns ago. There was a full moon in effect when your adventure ended. You had 0 experience points, 20 were needed to attain level 2. Your score was 250 before end-of-game adjustments. Basics: You had 0 out of 27 hit points. You had all 6 energy points (spell power). Your armor class was 4. Your wallet contained 452 zorkmids. Autopickup was on for '$!/="?' plus thrown, with exceptions. Final Characteristics: Your strength was 9 (limit:18/50). Your dexterity was 12 (limit:18). Your constitution was 15 (limit:18). Your intelligence was 9 (limit:19). Your wisdom was 15 (limit:18). Your charisma was 16 (limit:18). Final Status: You were not hungry. You were burdened; movement was slightly slowed. You were empty handed. You were unskilled in bare handed combat. Final Attributes: You were devoutly aligned. You were magic-protected. You were poison resistant. You had infravision. You were warded. You were lucky. You are dead. Miscellaneous: You encountered 1 bones level. Total elapsed playing time was 1 hour, 4 minutes and 36 seconds. Major events: Turn 1: spontiff the neutral male gnomish Healer entered the dungeon 365: entered the Gnomish Mines 2490: reached Mine Town 2755: killed by a gold golem Vanquished creatures: a small mimic a lizard a soldier ant a shrieker a gnome leader a giant ant 5 dwarves a homunculus a kobold leader 2 werejackals an acid blob 2 coyotes a gas spore 4 hobbits 2 large kobolds 3 giant rats 2 cave spiders a brown mold a yellow mold 7 gnomes 2 garter snakes 2 gnome zombies 4 geckos 3 jackals 3 foxes 2 goblins a sewer rat 6 grid bugs 5 bats 4 lichens 2 kobold zombies 6 newts 79 creatures vanquished. No species were genocided or became extinct. Voluntary challenges: You never hit with a wielded weapon. You were a pacifist. You were illiterate. You never engraved Elbereth. You never genocided any monsters. You never polymorphed an object. You never changed form. You used no wishes. Achievements: You entered the Gnomish Mines. You entered a shop. You entered Minetown. The Dungeons of Doom: levels 1 to 3 Level 1: "iron bars" A fountain. Level 2: A potion shop. Stairs down to The Gnomish Mines. Level 3: The Gnomish Mines: levels 3 to 6 Level 3: Level 4: Level 5: Level 6: <- You were here. Some shops, an altar, some fountains. Final resting place for you, killed by a gold golem, puncake-Wiz-Elf-Mal-Cha, killed by a watch captain. Game over: ---------- / \ / REST \ / IN \ / PEACE \ / \ | spontiff | | 452 Au | | killed by a gold | | golem | | | | | | 2023 | *| * * * | * _________)/\\_//(\/(/\)/\//\/|_)_______ Goodbye spontiff the Healer... You died in The Gnomish Mines on dungeon level 6 with 250 points, and 452 pieces of gold, after 2755 moves. You were level 1 with a maximum of 27 hit points when you died.